 Dungeon Crawl Stone Soup version 0.31-a0-1616-gbeaec30b81 (webtiles) character file.

Game seed: 8400357266215118790

619599 CougarLife the Conqueror (level 27, 0/300 HPs)
             Began as a Minotaur Fighter on Jan 7, 2024.
             Was an Elder of Okawaru.
             Slain by a rockslime (5 damage)
             ... created by the Royal Jelly
             ... on level 4 of the Pits of Slime on Jan 10, 2024.
             The game lasted 06:34:03 (71320 turns).

CougarLife the Conqueror (Minotaur Fighter)        Turns: 71320, Time: 06:34:04

Health: 0/300      AC: 45    Str: 31    XL:     27
Magic:  29/36      EV:  7    Int: 13    God:    Okawaru [****..]
Gold:   4656       SH: 42    Dex: 19    Spells: 26/26 levels left

rFire   + + +        U - +1 broad axe of World Downfall {drain, Dex+6}
rCold   . . .        R - +18 shield of the Gong {Loud rN+ Will+ rCorr EV-5}
rNeg    + . .        a - +8 plate armour of Okawaru's Supremacy {Will+ Regen+}
rPois   +            d - +2 hat {Stlth+}
rElec   .            g - +0 cloak {rPois}
rCorr   +            v - +1 pair of gloves {Stlth+}
SInv    .            A - +2 pair of boots "Immiak" {Rampage rPois Dex+3}
Will    +++++        W - amulet of reflection
Stlth   +            E - ring "Der Ren" {rF+ Will+ AC+4 Int+2}
HPRegen 1.50/turn    x - ring of the Modern Princes {rF++ Will+ Slay+3}
MPRegen 0.25/turn

%: reflection, rampage
@: heroic, finesse-ful
A: horns 2, retaliatory headbutt, clever 1, robust 1
}: 2/15 runes: serpentine, barnacled
a: Renounce Religion, Heroism, Finesse


You were on level 4 of the Pits of Slime.
You worshipped Okawaru.
Okawaru was greatly pleased with you.
You visited 12 branches of the dungeon, and saw 52 of its levels.
You also visited: Trove, Sewer, Bailey, Gauntlet, Ice Cave and Wizlab.

You collected 10452 gold pieces.
You spent 5796 gold pieces at shops.

Inventory:

Hand Weapons
 T - a +4 trident of draining
 U - the +1 broad axe of World Downfall (weapon) {drain, Dex+6}
   (You acquired it in a bailey)

   Dex+6:     It affects your dexterity (+6).
Missiles
 b - 27 silver javelins
 l - 4 throwing nets
 r - 18 boomerangs
 y - 17 javelins (quivered)
 Q - 25 curare-tipped darts
Armour
 a - the +8 plate armour of Okawaru's Supremacy (worn) {Will+ Regen+}
   (Okawaru gifted it to you on level 11 of the Dungeon)

   Will+:     It increases your willpower.
   Regen+:    It increases your rate of health regeneration.
 d - a +2 hat of stealth (worn)
 g - a +0 cloak of poison resistance (worn)
 v - a +1 pair of gloves of stealth (worn)
 A - the +2 pair of boots "Immiak" (worn) {Rampage rPois Dex+3}
   (You acquired it in a bailey)

   Dex+3:     It affects your dexterity (+3).
   rPois:     It protects you from poison Rampage: It bestows one free step when
   moving towards enemies.
 R - the +18 shield of the Gong (worn) {Loud rN+ Will+ rCorr EV-5}
   (You bought it in a shop on level 7 of the Dungeon)

   Loud:      It is deafeningly noisy when blocking attacks.
   EV-5:      It affects your evasion (-5).
   rN+:       It protects you from negative energy.
   Will+:     It increases your willpower.
   rCorr:     It protects you from acid and corrosion.
Jewellery
 c - the ring of Vurie {rC+ Str+3}
   (You found it in a treasure trove)

   [ring of protection from cold]

   Str+3:     It affects your strength (+3).
   rC+:       It protects you from cold.
 x - the ring of the Modern Princes (right hand) {rF++ Will+ Slay+3}
   (You found it in a treasure trove)

   [ring of willpower]

   Slay+3:    It affects your accuracy & damage with ranged weapons and melee
   (+3).
   rF++:      It greatly protects you from fire.
   Will+:     It increases your willpower.
 D - the dreamshard necklace {Acrobat *Dream}
   (You took it off a merfolk siren on level 4 of the Shoals)

   [amulet of the acrobat]

   *Dream:    It absorbs a single lethal wound into itself, holding its wearer
   just short of death and releasing dream-creatures to guard them.
   Acrobat:   It increases your evasion while moving and waiting.
 E - the ring "Der Ren" (left hand) {rF+ Will+ AC+4 Int+2}
   (You found it in a Gauntlet)

   [ring of protection]

   AC+4:      It affects your AC (+4).
   Int+2:     It affects your intelligence (+2).
   rF+:       It protects you from fire.
   Will+:     It increases your willpower.
 H - a ring of see invisible
 J - a ring of flight
 S - a ring of positive energy
 W - an amulet of reflection (around neck)
Wands
 i - a wand of digging (4)
 V - a wand of paralysis (44)
Scrolls
 e - 4 scrolls of blinking
 f - 8 scrolls of teleportation
 j - 3 scrolls of revelation
 k - 8 scrolls of poison
 m - 4 scrolls of enchant armour
 o - 4 scrolls of silence
 p - 11 scrolls of fear
 s - 8 scrolls of enchant weapon
 t - 4 scrolls of noise
 u - 8 scrolls of torment
 C - 11 scrolls of vulnerability
 F - 4 scrolls of immolation
 I - 14 scrolls of fog
Potions
 h - 9 potions of invisibility
 n - 33 potions of curing
 w - 2 potions of attraction
 z - 4 potions of mutation
 B - 8 potions of berserk rage
 G - 6 potions of haste
 K - 6 potions of heal wounds
 L - 2 potions of ambrosia
 M - 2 potions of resistance
 N - 5 potions of magic
 P - a potion of cancellation
 X - 14 potions of might
 Y - 4 potions of enlightenment
 Z - a potion of brilliance


   Skills:
 O Level 27 Fighting
 O Level 27 Axes
 - Level 16.0(21.0) Throwing
 + Level 23.5(27) Armour
 - Level 22.0(27) Shields
 - Level 21.8 Invocations
 - Level 1.0 Evocations


You had 26 spell levels left.
You didn't know any spells.
Your spell library contained the following spells:

 Spells                   Type           Power      Damage    Failure   Level
 Apportation              Tloc           0%         N/A       63%         1
 Foxfire                  Conj/Fire      0%         2x1d4     63%         1
 Kiss of Death            Conj/Necr      0%         2d5       63%         1
 Magic Dart               Conj           0%         1d3       63%         1
 Necrotise                Necr           0%         1d4       63%         1
 Shock                    Conj/Air       0%         1d3       63%         1
 Slow                     Hex            0%         N/A       63%         1
 Sting                    Conj/Alch      0%         1d3       63%         1
 Blink                    Tloc           0%         N/A       77%         2
 Cigotuvi's Dreadful Rot  Necr/Alch/Air  0%         N/A       77%         2
 Ensorcelled Hibernation  Hex/Ice        0%         N/A       77%         2
 Jinxbite                 Hex            0%         N/A       77%         2
 Lesser Beckoning         Tloc           0%         N/A       77%         2
 Mercury Vapours          Alch/Air       0%         N/A       77%         2
 Momentum Strike          Conj/Tloc      0%         3d8       77%         2
 Scorch                   Fire           0%         2d5       77%         2
 Searing Ray              Conj           0%         2d4       77%         2
 Sublimation of Blood     Necr           0%         N/A       77%         2
 Confusing Touch          Hex            0%         N/A       94%         3
 Dazzling Flash           Conj/Hex       0%         N/A       94%         3
 Frozen Ramparts          Ice            0%         1d1       94%         3
 Fugue of the Fallen      Necr           0%         N/A       94%         3
 Gell's Gravitas          Tloc           0%         N/A       94%         3
 Hailstorm                Conj/Ice       0%         3d5       94%         3
 Inner Flame              Hex/Fire       0%         N/A       94%         3
 Mephitic Cloud           Conj/Alch/Air  0%         N/A       94%         3
 Sigil of Binding         Hex            0%         N/A       94%         3
 Stone Arrow              Conj/Erth      0%         3d7       94%         3
 Swiftness                Air            0%         N/A       94%         3
 Teleport Other           Tloc           0%         N/A       94%         3
 Vampiric Draining        Necr           0%         2d6       94%         3
 Airstrike                Air            0%         2d(0-16)  100%        4
 Anguish                  Hex/Necr       0%         N/A       100%        4
 Brom's Barrelling Bould  Conj/Erth      0%         2d3       100%        4
 Cause Fear               Hex            0%         N/A       100%        4
 Dimensional Bullseye     Hex/Tloc       0%         N/A       100%        4
 Dispel Undead            Necr           0%         3d6       100%        4
 Flame Wave               Conj/Fire      0%         2d4       100%        4
 Fulminant Prism          Conj/Alch      0%         3d5       100%        4
 Ignite Poison            Fire/Alch      0%         N/A       100%        4
 Iskenderun's Mystic Bla  Conj/Tloc      0%         2d3       100%        4
 Leda's Liquefaction      Alch/Erth      0%         N/A       100%        4
 Olgreb's Toxic Radiance  Alch           0%         N/A       100%        4
 Passage of Golubria      Tloc           0%         N/A       100%        4
 Petrify                  Alch/Erth      0%         N/A       100%        4
 Sticky Flame             Fire/Alch      0%         2d4       100%        4
 Vhi's Electric Charge    Tloc/Air       0%         N/A       100%        4
 Arcjolt                  Conj/Air       0%         1d10      100%        5
 Borgnjor's Vile Clutch   Necr/Erth      0%         N/A       100%        5
 Curse of Agony           Necr           0%         N/A       100%        5
 Fireball                 Conj/Fire      0%         3d3       100%        5
 Freezing Cloud           Conj/Ice/Air   0%         6-21      100%        5
 Irradiate                Conj/Alch      0%         3d11      100%        5
 Iskenderun's Battlesphe  Conj           0%         2d6       100%        5
 Lee's Rapid Deconstruct  Erth           0%         3d4*      100%        5
 Metabolic Englaciation   Hex/Ice        0%         N/A       100%        5
 Silence                  Hex/Air        0%         N/A       100%        5
 Yara's Violent Unravell  Hex/Alch       0%         3d3       100%        5
 Bombard                  Conj/Erth      0%         9d1       100%        6
 Conjure Ball Lightning   Conj/Air       0%         3x3d6     100%        6
 Dispersal                Tloc           0%         N/A       100%        6
 Eringya's Noxious Bog    Alch           0%         4d6       100%        6
 Plasma Beam              Fire/Air       0%         2x1d10    100%        6
 Starburst                Conj/Fire      0%         6d3       100%        6
 Enfeeble                 Hex            0%         N/A       100%        7
 Orb of Destruction       Conj           0%         9d5       100%        7
 Ozocubu's Refrigeration  Ice            0%         4d7       100%        7
 Discord                  Hex            0%         N/A       100%        8
 Disjunction              Tloc           0%         N/A       100%        8
 Ignition                 Fire           0%         3d3       100%        8
 Lehudib's Crystal Spear  Conj/Erth      0%         10d2      100%        8
 Maxwell's Capacitive Co  Air            0%         ∞         100%        8
 Chain Lightning          Conj/Air       0%         N/A       100%        9
 Fire Storm               Conj/Fire      0%         5d1       100%        9
 Shatter                  Erth           0%         3d5*      100%        9
 Summon Small Mammal      Summ           Unusable   N/A       N/A         1
 Call Imp                 Summ           Unusable   N/A       N/A         2
 Call Canine Familiar     Summ           Unusable   N/A       N/A         3
 Tukima's Dance           Hex            Unusable   N/A       N/A         3
 Animate Armour           Summ/Erth      Unusable   N/A       N/A         4
 Animate Dead             Necr           Unusable   N/A       N/A         4
 Martyr's Knell           Necr/Summ      Unusable   N/A       N/A         4
 Summon Blazeheart Golem  Fire/Summ      Unusable   N/A       N/A         4
 Summon Forest            Summ/Tloc      Unusable   N/A       N/A         5
 Death Channel            Necr           Unusable   N/A       N/A         6
 Sculpt Simulacrum        Ice/Alch       Unusable   N/A       N/A         6
 Summon Cactus Giant      Summ           Unusable   N/A       N/A         6
 Haunt                    Necr/Summ      Unusable   N/A       N/A         7
 Malign Gateway           Summ/Tloc      Unusable   N/A       N/A         7
 Spellforged Servitor     Conj/Summ      Unusable   N/A       N/A         7
 Summon Hydra             Summ           Unusable   N/A       N/A         7
 Infestation              Necr           Unusable   N/A       N/A         8
 Dragon's Call            Summ           Unusable   N/A       N/A         9

Dungeon Overview and Level Annotations

Branches:
Dungeon (15/15)            Temple (1/1) D:5            Lair (5/5) D:9
 Shoals (4/4) Lair:3        Snake (4/4) Lair:2        Slime (5/5) Lair:5
    Orc (2/2) D:9             Elf (3/3) Orc:2        Vaults (5/5) D:13
  Crypt (3/3) Vaults:3       Tomb (1/3) Crypt:3      Depths (4/4) D:15
    Zot (0/5) Depths:4      Sewer (visited)          Bailey (visited)
  IceCv (visited)          WizLab (visited)         Gauntlet (visited)

Altars:
Ashenzari
Cheibriados
Dithmenos
Elyvilon
Fedhas
Gozag
Hepliaklqana
Kikubaaqudgha
Makhleb
Nemelex Xobeh
Okawaru
Qazlal
Ru
Sif Muna
Trog
Uskayaw
Vehumet
Wu Jian
Xom
Yredelemnul
Zin
The Shining One
Jiyva

Shops:
D:2 (   D:7 [   D:9 =   D:10 *   D:11 *   D:14 :   Orc:1 (   Orc:2 :**((
Shoals:3 *[   Snake:1 :=:   Vaults:1 =   Vaults:2 *?[:*[   Vaults:4 (
Vaults:5 ![   Depths:2 [   Depths:4 :

Portals:
Hell: Depths:1 Depths:2 Depths:3 Depths:4
Abyss: Depths:3
Pandemonium: Depths:1 Depths:2
Ziggurat: Depths:1

Annotations:
D:5 2 transporters, holymoly's ghost, amateur OnBe
Lair:4 3 runed translucent doors, oldmanjim's ghost, journeyman DsHs
Depths:1 1 runed translucent door


Innate Abilities, Weirdness & Mutations

You have a pair of horns on your head.
You reflexively headbutt those who attack you in melee.
Your mind is acute. (Int +4, Str/Dex -1)
You are robust. (+10% HP)


Message History

You block the rockslime's attack.
GONNNNG!
You slash the rockslime!
The rockslime is almost dead.
You hit the rockslime.
You kill the rockslime!
That felt strangely unrewarding.
Okawaru crowns you victorious!
An exit appears.
You are confused.
You feel invigorated.
Okawaru bids you farewell from the Arena.
You feel less invigorated.
You feel less confused. The spectator jeers loudly at you.
There is a gate leading back out of this place here.
Welcome back to the Pits of Slime!
You block the quicksilver ooze's attack.
PTOANNNG!
You block the quicksilver ooze's attack.
BOUMMMMG!
You block the quicksilver ooze's attack.
GONNNNG!
The quicksilver ooze hits you.
* * * LOW HITPOINT WARNING * * *
You feel your power leaking away. The azure jelly hits you.
* * * LOW HITPOINT WARNING * * *
The azure jelly freezes you!!!
* * * LOW HITPOINT WARNING * * *
The azure jelly completely misses you.
The azure jelly hits you but does no damage. x3
The azure jelly hits you.
* * * LOW HITPOINT WARNING * * *
The azure jelly freezes you!!
* * * LOW HITPOINT WARNING * * *
The azure jelly barely misses you. The azure jelly hits you!
* * * LOW HITPOINT WARNING * * *
The rockslime completely misses you. The rockslime hits you.
You die...

#...........##
##...........#
##.<..#......##
#...........#.##
##....#........#
#.............#### ##
##.#...........#.## ##.
####..JJJ........# #..
##.#..J@........## #..
#.....JJJ#.#.....### ##.
##.#.........#..##.####.
##...........###.......
##............###......
#..............#......>
##.#...................
##.......#...<....##.#
#.......#.........###.


You could see 3 azure jellies, 2 rockslimes and 2 quicksilver oozes.

Vanquished Creatures
  the Royal Jelly (Slime:5)
  4 dread liches
  Frederick (Depths:4)
  5 ancient liches
  Josephina (Crypt:1)
  2 royal mummies (Tomb:1)
  Boris (Vaults:5)
  Xtahua (Vaults:5)
  Vv (Depths:3)
  Parghit (Depths:4)
  Saint Roka (Vaults:4)
  Bai Suzhen (Snake:3)
  A caustic shrike (Depths:2)
  3 golden dragons
  The ghost of Katt the Executioner, an adept MiFi of the Shining One (Crypt:1)
  Nikola (Shoals:4)
  the Enchantress (Depths:2)
  Jory (Depths:4)
  2 bone dragons
  6 tentacled monstrosities
  Zenata (Elf:1)
  10 liches
  3 deep elf master archers (Elf:3)
  4 quicksilver dragons
  7 titans
  A deep elf blademaster (Elf:3)
  14 acid blobs
  2 krakens (Shoals:3)
  A walking frostbound tome (Depths:2)
  11 sphinxes
  8 storm dragons
  10 ancient champions
  Polyphemus (Shoals:2)
  6 shadow dragons
  Aizul (Snake:3)
  2 tengu reavers (Vaults:5)
  7 revenants
  7 azure jellies
  13 nagarajas
  11 rockslimes
  13 fire giants
  8 deep elf sorcerers
  4 frost giants
  24 vault wardens
  A juggernaut zombie (Depths:2)
  Louise (Elf:2)
  A draconian scorcher (Depths:4)
  A curse skull (Crypt:1)
  2 deep elf elementalists (Elf:3)
  6 ghouls
  17 ironbound preservers
  2 spectral caustic shrikes (WizLab)
  2 orc warlords
  5 spriggan defenders
  A reaper (IceCv)
  A draconian stormcaller (Depths:4)
  A caustic shrike zombie (WizLab)
  14 very ugly things
  6 stone giants
  7 quicksilver oozes
  11 vampire knights
  10 formless jellyfish
  12 ironbound thunderhulks
  9 deep elf death magi
  2 green draconians (Depths:4)
  A white draconian (Depths:4)
  6 deep elf demonologists
  9 deep elf annihilators (Elf:3)
  A purple draconian (Depths:4)
  6 war gargoyles
  A yellow draconian (Depths:4)
  A minotaur (Gauntlet)
  4 halazid warlocks (WizLab)
  5 dire elephants
  3 red draconians (Depths:4)
  Snorg (D:9)
  Azrael (D:15)
  5 eidola
  10 ettins
  6 mummy priests (Tomb:1)
  A quicksilver dragon zombie (WizLab)
  6 merfolk javelineers
  11 jiangshi
  4 crystal guardians
  16 yaktaur captains
  13 merfolk impalers
  12 fire dragons
  4 deep elf high priests
  8 hydras
  A spriggan zombie (Crypt:3)
  2 caustic shrike simulacra
  A peacekeeper (Vaults:3)
  Fannar (D:11)
  12 spriggan air magi
  8 salamander tyrants
  9 great orbs of eyes
  38 vault guards
  3 rakshasas
  9 anacondas
  A hell beast (Depths:3)
  A quicksilver dragon skeleton (Crypt:3)
  11 centaur warriors
  13 boulder beetles
  4 ice dragons
  2 ogre magi
  3 alligator snapping turtles
  6 catoblepae
  A merfolk avatar (Shoals:3)
  A death knight (Crypt:1)
  2 merfolk aquamancers (Shoals:4)
  A satyr (Shoals:3)
  A spriggan skeleton (Crypt:3)
  15 two-headed ogres
  6 ironbound frosthearts
  An Orb Guardian skeleton (Crypt:2)
  18 naga warriors
  5 death scarabs (Tomb:1)
  6 deep troll shamans
  7 shock serpents
  4 tengu warriors
  11 death yaks
  A titan zombie (Crypt:3)
  6 orc high priests
  31 dancing weapons
  A hell hog (Depths:3)
  An occultist (Depths:1)
  5 spriggan berserkers
  Nergalle (D:11)
  7 vampire magi
  7 deep troll earth magi
  16 naga sharpshooters
  21 deep elf knights
  3 skysharks
  Sonja (Orc:1)
  8 hell knights
  A soul eater (Crypt:1)
  40 skeletal warriors
  Amaemon (Lair:3)
  A golden dragon zombie (Crypt:3)
  A fire crab (D:15)
  A mana viper (shapeshifter) (Vaults:5)
  4 shadow wraiths
  8 sea snakes
  3 salamander mystics (Snake:4)
  A sixfirhy (Depths:2)
  A deep troll (shapeshifter) (Vaults:4)
  4 iron trolls
  A storm dragon skeleton (Crypt:1)
  8 arcanists
  7 glowing orange brains
  43 deep trolls
  10 mana vipers
  10 flayed ghosts
  3 spark wasp zombies (WizLab)
  A tengu zombie (Crypt:2)
  A bog body (Crypt:2)
  15 deep elf archers
  8 naga ritualists
  21 harpies
  18 ironbound convokers
  A wolf spider zombie (WizLab)
  20 phantasmal warriors
  2 anaconda skeletons
  Pikel (D:6)
  11 lindwurms
  33 deep elf pyromancers
  11 necromancers
  2 bunyip skeletons (Crypt:3)
  7 shining eyes
  31 deep elf zephyrmancers
  18 salamanders
  14 cyclopes
  A wolf spider (shapeshifter) (Vaults:5)
  3 wolf spiders (D:15)
  20 manticores
  18 orc knights
  Maurice (D:11)
  18 fauns
  24 ugly things
  9 orc sorcerers
  An alligator skeleton (Crypt:1)
  A salamander (shapeshifter) (Vaults:2)
  A frost giant zombie (Depths:2)
  14 merfolk sirens
  A fire giant skeleton (Depths:2)
  A meliai (D:15)
  2 apocalypse crabs (Gauntlet)
  2 ice statues (IceCv)
  4 guardian serpents
  17 naga magi
  20 elephants
  Joseph (D:10)
  A centaur zombie (Crypt:3)
  An orange demon (Lair:3)
  15 water nymphs
  51 black mambas
  4 kobold blastminers
  2 naga skeletons (Crypt:3)
  3 gargoyles
  13 cane toads
  17 vault sentinels
  A stone giant skeleton (Vaults:4)
  A molten gargoyle (D:14)
  8 rime drakes
  A white draconian zombie (Crypt:2)
  2 torpor snails
  2 centaur skeletons
  An eye of devastation (Slime:2)
  A smoke demon (Depths:2)
  A dire elephant skeleton (Crypt:3)
  36 yaktaurs
  3 efreet (D:15)
  A swamp worm zombie (Crypt:2)
  8 kobold demonologists
  A yaktaur (shapeshifter) (D:15)
  Jeremiah (D:8)
  12 freezing wraiths
  11 komodo dragons
  Psyche (D:11)
  4 tengu conjurers
  A tormentor (Depths:2)
  4 ice devils (IceCv)
  9 guardian mummies (Tomb:1)
  A black draconian skeleton (Crypt:1)
  A polar bear (shapeshifter) (D:15)
  A troll (shapeshifter) (Vaults:5)
  2 polar bears
  A harpy zombie (Crypt:2)
  6 trolls
  A sea snake skeleton (Crypt:2)
  28 merfolk
  16 snapping turtles
  9 wind drakes
  9 hornets
  A death drake zombie (Crypt:1)
  A dream sheep (shapeshifter) (D:15)
  2 harpy skeletons (Crypt:3)
  20 dream sheep
  5 glass eyes
  23 blink frogs
  2 stone giant simulacra
  An ettin zombie (Vaults:4)
  A centaur simulacrum (Crypt:1)
  2 human simulacra
  9 spriggans
  A vampire (Crypt:2)
  10 air elementals
  A dire elephant simulacrum (Crypt:1)
  An elf skeleton (Vaults:2)
  93 slime creatures
  A shadow (D:9)
  2 ettin skeletons
  A hog (shapeshifter) (D:15)
  3 ushabtiu (Tomb:1)
  19 water elementals
  An alligator snapping turtle simulacrum (Tomb:1)
  5 wraiths
  7 basilisks
  4 wyverns
  24 yaks
  A human (shapeshifter) (D:15)
  5 fire elementals
  7 wargs
  Eustachio (D:6)
  11 vampire mosquitoes
  9 golden eyes
  A redback (shapeshifter) (Elf:3)
  3 steam dragons
  A deep troll zombie (Crypt:1)
  A harpy simulacrum (IceCv)
  A death yak simulacrum (IceCv)
  48 nagas
  A two-headed ogre zombie (D:9)
  6 acid dragons
  2 swamp worms (Lair:1)
  4 hell hounds (D:15)
  14 water moccasins
  Duvessa (D:6)
  A glowing shapeshifter skeleton (Vaults:2)
  34 orc warriors
  6 black bears
  2 ice beasts (D:5)
  3 sky beasts
  43 laughing skulls
  4 ogres
  13 wolves
  A phantom (D:9)
  6 boggarts
  A human skeleton (Vaults:2)
  6 centaurs
  A manticore skeleton (Crypt:2)
  11 kobold brigands
  A gnoll sergeant (D:8)
  3 necrophages (Crypt:1)
  6 two-headed ogre simulacra (IceCv)
  A draconian skeleton (Crypt:2)
  13 bullfrogs
  2 earth elementals
  A scorpion (D:5)
  5 wights (D:9)
  Dowan (D:6)
  2 troll zombies (D:9)
  14 killer bees
  An elephant simulacrum (IceCv)
  2 howler monkeys
  A vampire bat (Lair:3)
  2 electric eels
  A lava snake (D:14)
  A wolf skeleton (Crypt:1)
  2 bombardier beetles (D:6)
  5 hounds
  A human zombie (Crypt:1)
  9 jellies
  20 orc priests
  6 sleepcaps
  3 iguanas
  Natasha (thrice) (D:4)
  21 orc wizards
  2 polar bear simulacra (IceCv)
  A troll simulacrum (IceCv)
  4 hell rats (Lair:4)
  3 spriggan simulacra (IceCv)
  A killer bee zombie (Crypt:2)
  4 wolf simulacra (IceCv)
  5 ogre zombies (D:9)
  18 mummies (Tomb:1)
  14 gnolls
  A naga simulacrum (IceCv)
  16 adders
  A river rat (Sewer)
  2 shadow imps (D:8)
  3 white imps
  2 ufetubi (IceCv)
  An adder zombie (Crypt:1)
  2 dart slugs (D:4)
  64 orcs
  12 bats
  11 endoplasms
  2 giant cockroaches
  A gnoll zombie (D:9)
  19 goblins
  10 hobgoblins
  4 jackals (D:1)
  6 quokkas
  3 training dummies (Orc:1)
  7 ball pythons
  A frilled lizard (D:1)
  4 gnoll skeletons
  A goblin zombie (Crypt:2)
  51 kobolds
  7 kobold skeletons (D:8)
  11 kobold zombies (D:8)
  3 orc skeletons (D:9)
  19 orc zombies
  7 rats
  3 tentacles (Shoals:3)
2521 creatures vanquished.

Vanquished Creatures (others)
  A titan (Shoals:4)
  2 fire giants
  A vampire knight (Depths:2)
  A deep elf annihilator (Elf:3)
  A deep elf knight (Elf:3)
  A deep troll (Depths:2)
  A lindwurm (Vaults:1)
  A deep elf zephyrmancer (Elf:3)
  A harpy (Vaults:3)
  A deep elf pyromancer (Elf:1)
  A manticore (Shoals:3)
  A merfolk (Shoals:3)
  A water moccasin (Lair:4)
  A laughing skull (D:15)
  An orc wizard (Orc:2)
  An orc (Vaults:5)
  9 tentacles (Shoals:3)
26 creatures vanquished.

Grand Total: 2547 creatures vanquished

Notes
Turn   | Place    | Note
-------+----------+-------------------------------------------
     0 | D:1      | CougarLife the Minotaur Fighter began the quest for the
                  | Orb.
     0 | D:1      | Reached XP level 1. HP: 19/19 MP: 0/0
   119 | D:1      | Found a faded altar of an unknown god.
   391 | D:1      | Reached XP level 2. HP: 22/26 MP: 1/1
  1188 | D:2      | Reached XP level 3. HP: 33/33 MP: 2/2
  1547 | D:2      | Found Aboux's Weapon Emporium.
  2332 | D:3      | Reached XP level 4. HP: 36/41 MP: 3/3
  2798 | D:4      | Found a shimmering blue altar of Sif Muna.
  2876 | D:4      | Reached skill level 5 in Axes
  2876 | D:4      | Reached XP level 5. HP: 47/47 MP: 4/4
  3004 | D:4      | Reached skill level 5 in Fighting
  3135 | D:4      | Noticed Natasha
  3139 | D:4      | Killed Natasha
  3233 | D:4      | Noticed Natasha
  3241 | D:4      | Killed Natasha
  3242 | D:4      | Reached XP level 6. HP: 56/56 MP: 5/5
  3685 | D:4      | Noticed Natasha
  3690 | D:4      | Killed Natasha
  3714 | D:5      | Entered Level 5 of the Dungeon
  3746 | D:5      | Noticed an ice beast
  3752 | D:5      | Found a staircase to the Ecumenical Temple.
  3760 | D:5      | Killed an ice beast
  3767 | Temple   | Entered the Ecumenical Temple
  3820 | Temple   | Became a worshipper of Warmaster Okawaru
  4061 | D:5      | Reached XP level 7. HP: 63/63 MP: 6/6
  4344 | D:5      | Found a transporter.
  4345 | D:5      | Found a transporter.
  4346 | D:5      | Noticed holymoly's ghost (amateur OnBe)
  4373 | D:5      | Reached * piety under Okawaru
  4733 | D:6      | Noticed Eustachio
  4752 | D:6      | Killed Eustachio
  4752 | D:6      | Reached ** piety under Okawaru
  4753 | D:6      | Reached XP level 8. HP: 73/73 MP: 7/7
  4828 | D:6      | Found a glowing drain.
  4903 | Sewer    | Entered a sewer
  5263 | D:6      | Noticed Dowan
  5264 | D:6      | Noticed Duvessa
  5273 | D:6      | Reached skill level 10 in Axes
  5280 | D:6      | Killed Duvessa
  5287 | D:6      | Killed Dowan
  5368 | D:6      | Identified the +0 robe of Pessimism {rElec rN+}
  5420 | D:6      | Noticed Pikel
  5429 | D:6      | Killed Pikel
  5429 | D:6      | Reached *** piety under Okawaru
  5430 | D:6      | Reached XP level 9. HP: 71/84 MP: 7/9
  5481 | D:6      | Found a bloodstained altar of Trog.
  5488 | D:6      | Reached skill level 10 in Fighting
  5793 | D:7      | Reached skill level 5 in Invocations
  5900 | D:7      | Reached skill level 1 in Throwing
  6120 | D:7      | Reached **** piety under Okawaru
  6155 | D:7      | Found Putaomec's Antique Armour Shop.
  6488 | D:8      | Reached XP level 10. HP: 78/93 MP: 14/14
  6598 | D:8      | Found an ancient bone altar of Kikubaaqudgha.
  6611 | D:8      | Noticed an orange demon
  6892 | D:8      | Reached skill level 5 in Throwing
  7091 | D:8      | Noticed Jeremiah
  7114 | D:8      | Killed Jeremiah
  7655 | D:9      | Found a snail-covered altar of Cheibriados.
  7688 | D:9      | Found a staircase to the Orcish Mines.
  7853 | D:9      | Found a staircase to the Lair.
  7905 | D:9      | Found a flagged portal.
  7942 | Bailey   | Entered a bailey
  7969 | Bailey   | Reached ***** piety under Okawaru
  8036 | Bailey   | Reached skill level 10 in Invocations
  8084 | Bailey   | Reached XP level 11. HP: 75/99 MP: 17/17
  8224 | Bailey   | Reached skill level 5 in Armour
  8367 | Bailey   | Found an iron altar of Okawaru.
  8436 | Bailey   | Noticed an orc knight
  8454 | Bailey   | Killed an orc knight
  8455 | Bailey   | Reached skill level 5 in Shields
  8538 | Bailey   | Acquired the +1 broad axe of World Downfall {drain, Dex+6}
  8544 | Bailey   | Acquired the +2 pair of boots "Immiak" {Rampage rPois
                  | Dex+3}
  8583 | Bailey   | Acquired a +6 ring of strength
  8589 | Bailey   | Acquired 1078 gold pieces
  8751 | D:9      | Found Woutur's Jewellery Shop.
  8757 | D:9      | Bought the ring of the Rabble {+Blink rF+ Str+3 Dex+3} for
                  | 722 gold pieces
  8819 | D:9      | Found a hide-covered altar of Uskayaw.
  8967 | D:10     | Entered Level 10 of the Dungeon
  8969 | D:10     | Noticed Snorg
  8972 | D:10     | Noticed Joseph
  8988 | D:9      | Killed Snorg
  9049 | D:10     | Killed Joseph
  9478 | D:10     | Found Vaomoon's Sacrilege Store.
  9571 | D:10     | Identified the maw talisman of Existentialism {rPois}
  9781 | D:11     | Noticed Psyche
  9790 | D:11     | Killed Psyche
  9790 | D:11     | Received a gift from Okawaru
  9797 | D:11     | Found Sezuocix's Overcharged Wands.
  9848 | D:11     | Noticed Fannar
  9865 | D:11     | Killed Fannar
  9993 | D:11     | Noticed a brown ugly thing
  9999 | D:11     | Killed a brown ugly thing
 10160 | D:11     | Noticed a boulder beetle
 10163 | D:11     | Noticed Nergalle
 10174 | D:11     | Killed a boulder beetle
 10175 | D:11     | Reached skill level 10 in Armour
 10178 | D:11     | Killed Nergalle
 10307 | D:11     | Noticed a boulder beetle
 10315 | D:11     | Killed a boulder beetle
 10497 | D:11     | Noticed Maurice
 10505 | D:11     | Something stole a ring of protection from cold
 10508 | D:11     | Killed Maurice
 10508 | D:11     | Reached ****** piety under Okawaru
 10509 | D:11     | Reached XP level 12. HP: 106/106 MP: 18/18
 10516 | D:11     | Acquired the +8 plate armour of Okawaru's Supremacy {Will+
                  | Regen+}
 10516 | D:11     | Received a gift from Okawaru
 10521 | D:11     | Acquired a +0 executioner's axe of electrocution
 10521 | D:11     | Received a gift from Okawaru
 10651 | Lair:1   | Entered Level 1 of the Lair of Beasts
 11382 | Lair:1   | Identified the +0 plate armour of Indomitability {rPois rF-
                  | rN+ Dex+3}
 11456 | Lair:2   | Received a gift from Okawaru
 11620 | Lair:2   | Found a staircase to the Snake Pit.
 11966 | Lair:2   | Received a gift from Okawaru
 12415 | Lair:3   | Reached skill level 15 in Axes
 12507 | Lair:3   | Reached XP level 13. HP: 116/116 MP: 19/19
 12551 | Lair:3   | Noticed Amaemon
 12564 | Lair:3   | Found a staircase to the Shoals.
 12566 | Lair:3   | Killed Amaemon
 12567 | Lair:3   | Received a gift from Okawaru
 13376 | Lair:4   | Received a gift from Okawaru
 13869 | Lair:4   | Found a runed translucent gate.
 13869 | Lair:4   | Noticed an acid blob
 13870 | Lair:4   | Found a runed translucent gate.
 13870 | Lair:4   | Noticed an azure jelly
 13871 | Lair:4   | Found a runed translucent gate.
 13874 | Lair:4   | Noticed an acid blob
 13875 | Lair:4   | Noticed oldmanjim's ghost (journeyman DsHs)
 13875 | Lair:4   | Noticed an azure jelly
 13875 | Lair:4   | Noticed an azure jelly
 13875 | Lair:4   | Noticed an azure jelly
 13876 | Lair:4   | Noticed an acid blob
 13876 | Lair:4   | Noticed an azure jelly
 13937 | Lair:4   | Received a gift from Okawaru
 14053 | Lair:4   | Identified the staff "Ziurut" {Fly rC+ Int+6 Ice}
 14371 | Lair:4   | Noticed an azure jelly
 14434 | Lair:4   | Found a viscous altar of Jiyva.
 14584 | Lair:5   | Entered Level 5 of the Lair of Beasts
 14711 | Lair:5   | Reached XP level 14. HP: 129/129 MP: 20/20
 14729 | Lair:5   | Received a gift from Okawaru
 15448 | Lair:5   | Found a staircase to the Slime Pits.
 15511 | Lair:5   | Received a gift from Okawaru
 15657 | Lair:5   | Received a gift from Okawaru
 15677 | Lair:5   | Got the Dissertation on the Escort and Freezing
 15680 | Lair:5   | Got the Omnibus of Igneous Bad Luck
 16948 | Orc:1    | Entered Level 1 of the Orcish Mines
 16957 | Orc:1    | Found Vatan's Firing Range.
 17015 | Orc:1    | Received a gift from Okawaru
 17122 | Orc:1    | Found a frozen archway.
 17135 | IceCv    | Entered an ice cave
 17218 | IceCv    | Reached XP level 15. HP: 130/139 MP: 23/23
 17386 | IceCv    | Reached skill level 1 in Evocations
 17559 | Orc:1    | Noticed Sonja
 17566 | Orc:1    | Killed Sonja
 17990 | Orc:2    | Entered Level 2 of the Orcish Mines
 18002 | Orc:2    | Found a staircase to the Elven Halls.
 18123 | Orc:2    | Reached skill level 15 in Fighting
 18252 | Orc:2    | Received a gift from Okawaru
 18283 | Orc:2    | Reached skill level 10 in Throwing
 18357 | Orc:2    | Found Diomit's Book Shoppe.
 18597 | Orc:2    | Found Gutojua's Antique Weapon Boutique.
 18611 | Orc:2    | Found Weagiasme's Antique Weapon Shoppe.
 18616 | Orc:2    | Found Tiamner's General Store.
 18618 | Orc:2    | Found Cuobohoe's General Store.
 18627 | Orc:2    | Bought 2 potions of resistance for 240 gold pieces
 18627 | Orc:2    | Bought a scroll of identify for 24 gold pieces
 19574 | D:13     | Received a gift from Okawaru
 19820 | D:13     | Found a gate to the Vaults.
 20352 | D:14     | Found Kijun's Book Boutique.
 20363 | D:14     | Found a gate leading to a gauntlet.
 20368 | D:14     | Received a gift from Okawaru
 20388 | Gauntlet | Entered a Gauntlet
 20388 | Gauntlet | Found a transporter.
 20391 | Gauntlet | Found a runed translucent gate.
 20392 | Gauntlet | Found a transporter.
 20392 | Gauntlet | Found a runed translucent gate.
 20393 | Gauntlet | Found a runed translucent gate.
 20404 | Gauntlet | Found a transporter.
 20408 | Gauntlet | Found a transporter.
 20424 | Gauntlet | Found a transporter.
 20440 | Gauntlet | Found a transporter.
 20446 | Gauntlet | Found a transporter.
 20459 | Gauntlet | Found a transporter.
 20476 | Gauntlet | Found a transporter.
 20480 | Gauntlet | Found a transporter.
 20488 | Gauntlet | Found a transporter.
 20508 | Gauntlet | Found a transporter.
 20558 | Gauntlet | Identified the ring "Der Ren" {rF+ Will+ AC+4 Int+2}
 21002 | Gauntlet | Identified the ring "Paxueq" {rPois Stlth+}
 21100 | Gauntlet | Identified the +1 pair of boots of the Morning {Harm rElec}
 21884 | D:15     | Entered Level 15 of the Dungeon
 22072 | D:15     | Received a gift from Okawaru
 22114 | D:15     | Reached skill level 10 in Shields
 22134 | D:15     | Reached XP level 16. HP: 145/149 MP: 24/24
 22249 | D:15     | Found a staircase to the Depths.
 22320 | D:15     | Found a snail-covered altar of Cheibriados.
 22320 | D:15     | Found a basalt altar of Yredelemnul.
 22322 | D:15     | Found a sparkling altar of Nemelex Xobeh.
 22434 | D:15     | Received a gift from Okawaru
 22450 | D:15     | Noticed a storm dragon
 22464 | D:15     | Killed a storm dragon
 22673 | D:15     | Received a gift from Okawaru
 22921 | D:15     | Received a gift from Okawaru
 22934 | D:15     | Reached skill level 15 in Shields
 22952 | D:15     | Noticed Azrael
 22979 | D:15     | Killed Azrael
 23109 | D:15     | Identified the staff "Wiloole" {SInv Summ Earth}
 23110 | D:15     | Identified the +1 robe of Hedge Wizardry {Int+2}
 23443 | Snake:1  | Entered Level 1 of the Snake Pit
 23592 | Snake:1  | Received a gift from Okawaru
 23785 | Snake:1  | Found Cuph's Book Emporium.
 23785 | Snake:1  | Found Yxzoasch's Jewellery Boutique.
 23787 | Snake:1  | Found Senooshe's Book Emporium.
 24506 | Snake:2  | Reached XP level 17. HP: 160/161 MP: 25/25
 25308 | Snake:2  | Upgraded the game from 0.31-a0-1591-g515db51633 to
                  | 0.31-a0-1603-gbec6b6ccbf
 25532 | Snake:3  | Received a gift from Okawaru
 25848 | Snake:3  | Identified the serpent talisman "Bisusal" {rF- rCorr Int+2
                  | Dex+2}
 25848 | Snake:3  | Noticed Aizul
 25871 | Snake:3  | Killed Aizul
 26994 | Snake:3  | Received a gift from Okawaru
 27283 | Snake:3  | Noticed Bai Suzhen
 27295 | Snake:3  | Killed Bai Suzhen
 27461 | Snake:4  | Entered Level 4 of the Snake Pit
 27929 | Snake:4  | Reached skill level 15 in Armour
 28141 | Snake:4  | Received a gift from Okawaru
 28799 | Snake:4  | Got a serpentine rune of Zot
 28925 | Snake:4  | Reached XP level 18. HP: 174/178 MP: 26/26
 28965 | Snake:4  | Received a gift from Okawaru
 29496 | Snake:4  | Received a gift from Okawaru
 30076 | Shoals:1 | Entered Level 1 of the Shoals
 30205 | Shoals:1 | Acquired the +4 consecrated labrys {holy, Valiant ^Fragile
                  | Fly SInv}
 30205 | Shoals:1 | Found the +4 consecrated labrys {holy, Valiant ^Fragile Fly
                  | SInv}
 31177 | Shoals:2 | Noticed Polyphemus
 31328 | Shoals:2 | Received a gift from Okawaru
 31640 | Shoals:2 | Killed Polyphemus
 32109 | Shoals:2 | Received a gift from Okawaru
 32263 | Shoals:3 | Found Furgher's General Store.
 32514 | Shoals:3 | Reached XP level 19. HP: 138/185 MP: 27/27
 32624 | Shoals:3 | Received a gift from Okawaru
 32626 | Shoals:3 | Identified the amulet of Nautihoigo {Harm ^Drain rN+ Regen+
                  | Str+5}
 32823 | Shoals:3 | Found Ragnar's Dragon-Slaying Spoils.
 33401 | Shoals:4 | Entered Level 4 of the Shoals
 33477 | Shoals:4 | Paralysed by an air elemental for 1 turns
 33480 | Shoals:4 | Paralysed by an air elemental for 1 turns
 33484 | Shoals:4 | Paralysed by an air elemental for 1 turns
 33589 | Shoals:4 | Paralysed by an air elemental for 1 turns
 33624 | Shoals:4 | Received a gift from Okawaru
 33952 | Shoals:4 | Paralysed by an air elemental for 1 turns
 34419 | Shoals:4 | Paralysed by an air elemental for 1 turns
 34421 | Shoals:4 | Paralysed by an air elemental for 1 turns
 34637 | Shoals:4 | Received a gift from Okawaru
 34930 | Shoals:4 | Identified the +7 hand cannon "Daobeoj" {flame, rF+ Str+2
                  | Dex+5 Stlth-}
 34975 | Shoals:4 | Noticed Nikola
 34996 | Shoals:4 | Killed Nikola
 35096 | Shoals:4 | Got a barnacled rune of Zot
 35314 | Elf:1    | Entered Level 1 of the Elven Halls
 35955 | Elf:1    | Noticed Zenata
 35978 | Elf:1    | Killed Zenata
 36490 | Elf:2    | Received a gift from Okawaru
 36501 | Elf:2    | Paralysed by an air elemental for 1 turns
 36539 | Elf:2    | Reached skill level 15 in Invocations
 36696 | Elf:2    | Gained mutation: You are weak. (Str -2) [a neqoxec]
 36937 | Elf:2    | Found a runed translucent gate.
 36938 | Elf:2    | Found a runed translucent gate.
 36938 | Elf:2    | Found a runed translucent gate.
 37069 | Elf:2    | Paralysed by an air elemental for 1 turns
 37071 | Elf:2    | Paralysed by an air elemental for 1 turns
 37146 | Elf:2    | Reached XP level 20. HP: 171/177 MP: 30/30
 37179 | Elf:2    | Paralysed by an air elemental for 1 turns
 37275 | Elf:2    | Noticed Louise
 37285 | Elf:2    | Killed Louise
 37313 | Elf:2    | Received a gift from Okawaru
 37828 | Elf:3    | Entered Level 3 of the Elven Halls
 37896 | Elf:3    | Found an ancient bone altar of Kikubaaqudgha.
 37954 | Elf:3    | Found a radiant altar of Vehumet.
 38288 | Elf:3    | Received a gift from Okawaru
 38568 | Elf:3    | Paralysed by an air elemental for 1 turns
 38572 | Elf:3    | Paralysed by an air elemental for 1 turns
 38576 | Elf:3    | Paralysed by an air elemental for 1 turns
 39105 | Elf:3    | Found the ring of the Octopus King {rCorr HP+2 AC+2 EV+2
                  | SH+2}
 39126 | Elf:3    | Identified the +8 trident of Usoengai {pain, +Blink rElec
                  | rPois rC-}
 39154 | Elf:3    | Identified the +0 hand axe "Napsuneo" {holy, ^Drain
                  | ^Fragile rElec Int+7}
 39241 | Elf:3    | Identified the +8 short sword of Watchfulness {pain, MP+9}
 39241 | Elf:3    | Identified the +3 buckler "Jytotaliasch" {Will+}
 39773 | Elf:3    | Reached skill level 15 in Throwing
 39976 | Elf:3    | Got Sif Muna's Volume of the Red Panacea
 39979 | Elf:3    | Got the Grimoire of Distorted Fascination
 40202 | Elf:3    | Identified the staff of Execution {rElec rPois rF+++ Int-2
                  | Summ Air}
 40540 | Vaults:1 | Entered Level 1 of the Vaults
 40571 | Vaults:1 | Received a gift from Okawaru
 40756 | Vaults:1 | Found a magical portal.
 40765 | WizLab   | Entered Borgnjor's Mausoleum
 40951 | WizLab   | Reached XP level 21. HP: 173/195 MP: 32/32
 41027 | WizLab   | Received a gift from Okawaru
 41766 | WizLab   | Got Fugont's Handbook of Left-Handed Spells
 42254 | Vaults:1 | Received a gift from Okawaru
 42339 | Vaults:1 | You fall into a shaft and drop 1 floor!
 42521 | Vaults:1 | Found Nyfiosch's Jewellery Emporium.
 42711 | Vaults:1 | Found the +11 Singing Sword {sonic wave}
 43228 | Vaults:2 | Found Vuol's General Store.
 43357 | Vaults:2 | Found Hurueluts's Magic Scroll Boutique.
 43365 | Vaults:2 | Bought a scroll of teleportation for 60 gold pieces
 43365 | Vaults:2 | Bought a scroll of teleportation for 60 gold pieces
 43365 | Vaults:2 | Bought a scroll of teleportation for 60 gold pieces
 43365 | Vaults:2 | Bought a scroll of teleportation for 60 gold pieces
 43443 | Vaults:2 | Found Heulyza's Antique Armour Emporium.
 44210 | Vaults:2 | Found Enatax's Book Shoppe.
 44216 | Vaults:2 | Found Kytail Zisa's Assorted Antiques.
 44606 | Vaults:2 | Found a portal to a secret trove of treasure.
 44652 | Vaults:2 | Found Niusaiw's Armour Boutique.
 45129 | Orc:2    | Bought a scroll of teleportation for 36 gold pieces
 45331 | Vaults:2 | Bought a scroll of teleportation for 93 gold pieces
 45382 | Vaults:2 | You paid a toll of 16 scrolls of teleportation to enter a
                  | treasure trove
 45383 | Trove    | Entered a treasure trove
 45385 | Trove    | Found the macabre finger necklace {Finger+ rN+}
 45385 | Trove    | Found the amulet of the Four Winds {rN+ Will+++ Clar}
 45401 | Trove    | Identified the ring of Ymintib {rPois rC+ Int+6}
 45410 | Trove    | Identified the ring "Olojip" {Fire Will+ Str-5 Int+3}
 45412 | Trove    | Identified the ring of the Modern Princes {rF++ Will+
                  | Slay+3}
 45418 | Trove    | Identified the ring of Vurie {rC+ Str+3}
 45422 | Trove    | Identified the amulet "Tuamofoq" {Faith Str-5 Dex+9}
 45898 | Vaults:3 | Received a gift from Okawaru
 46418 | Vaults:3 | Received a gift from Okawaru
 46538 | Vaults:3 | Reached XP level 22. HP: 209/211 MP: 33/33
 46647 | Vaults:3 | Found a staircase to the Crypt.
 47011 | Vaults:3 | Received a gift from Okawaru
 47531 | Vaults:4 | Found Sogemiv's Antique Weapon Emporium.
 47986 | Vaults:4 | Received a gift from Okawaru
 48289 | Vaults:4 | Identified the +0 pair of gloves of Autotheism {Rampage
                  | Str+3 Int+6}
 48802 | Vaults:4 | Received a gift from Okawaru
 48803 | Vaults:4 | Paralysed by a formless jellyfish for 1 turns
 49568 | Crypt:1  | Entered Level 1 of the Crypt
 50094 | D:7      | Bought the +18 shield of the Gong {Loud rN+ Will+ rCorr
                  | EV-5} for 3356 gold pieces
 50094 | D:7      | Found the +18 shield of the Gong {Loud rN+ Will+ rCorr
                  | EV-5}
 50170 | D:9      | Bought a ring of positive energy for 280 gold pieces
 50702 | Crypt:1  | Found a runed translucent door.
 50702 | Crypt:1  | Noticed Katt's ghost (adept MiFi)
 50717 | Crypt:1  | Killed Katt's ghost
 50717 | Crypt:1  | Received a gift from Okawaru
 50795 | Crypt:1  | Found a glowing golden altar of the Shining One.
 50808 | Crypt:1  | Found a burning altar of Makhleb.
 50850 | Crypt:1  | Identified the ring "Mulocit" {Ice Str+3}
 50850 | Crypt:1  | Noticed Josephina
 50867 | Crypt:1  | Killed Josephina
 51003 | Crypt:1  | Identified the +0 pair of boots "Xuizuty" {rElec Str-2
                  | Dex+7}
 51466 | Crypt:2  | Upgraded the game from 0.31-a0-1603-gbec6b6ccbf to
                  | 0.31-a0-1612-g4aaf141004
 51757 | Crypt:1  | Received a gift from Okawaru
 51908 | Crypt:2  | Reached XP level 23. HP: 223/223 MP: 34/34
 51913 | Crypt:2  | Noticed a dread lich
 52032 | Crypt:2  | Noticed an ancient lich
 52052 | Crypt:2  | Killed an ancient lich
 52064 | Crypt:2  | Identified the amulet "Ohubasih" {Spirit +Blink rC+ Will+
                  | Str+3}
 52168 | Crypt:2  | Received a gift from Okawaru
 52218 | Crypt:2  | Killed a dread lich
 52479 | Crypt:2  | Identified the staff of the Evening {^Drain rC+ rN+ Dex+3
                  | Necro}
 52535 | Crypt:2  | Found a burning altar of Makhleb.
 52540 | Crypt:2  | Identified the +6 chain mail of the Pink Corner {^Contam
                  | Will+ Slay+4 SInv}
 53154 | Crypt:3  | Entered Level 3 of the Crypt
 53607 | Crypt:3  | Got the Secrets of Diablerie
 53622 | Crypt:3  | Acquired 706 gold pieces
 53720 | Crypt:3  | Received a gift from Okawaru
 53804 | Crypt:3  | Found a staircase to the Tomb.
 53815 | Crypt:3  | Identified the ring "Byisk" {rElec rPois}
 54243 | Crypt:3  | Identified the amulet of Taerch {Spirit +Blink Will+}
 54257 | Crypt:3  | Noticed an ancient lich
 54263 | Crypt:3  | Killed an ancient lich
 54415 | Crypt:3  | Found an ancient bone altar of Kikubaaqudgha.
 55218 | Tomb:1   | Entered Level 1 of the Tomb of the Ancients
 55599 | Tomb:1   | Received a gift from Okawaru
 55664 | Tomb:1   | Identified the +5 battleaxe "Sit Meod" {heavy, ^Fragile
                  | Str+2 Int+5 Dex+2}
 55869 | Tomb:1   | Identified the +5 flail "Ofadang" {heavy, rF- Dex+5}
 56215 | Tomb:1   | Noticed a royal mummy
 56224 | Tomb:1   | Killed a royal mummy
 56650 | Tomb:1   | Noticed a royal mummy
 56668 | Tomb:1   | HP: 12/354 [spore (16)]
 56668 | Tomb:1   | HP: 2/354 [spore (10)]
 56668 | Tomb:1   | Killed a royal mummy
 57249 | Depths:1 | Entered Level 1 of the Depths
 57291 | Depths:1 | Found a one-way gateway to a ziggurat.
 57518 | Depths:1 | Found a one-way gate leading to the halls of Pandemonium.
 57560 | Depths:1 | Found a runed translucent door.
 57720 | Depths:1 | Received a gift from Okawaru
 57763 | Depths:1 | Reached XP level 24. HP: 239/240 MP: 34/34
 57782 | Depths:1 | Found a gateway to Hell.
 58309 | Depths:2 | Found Sireamut's Armour Boutique.
 58626 | Depths:2 | Reached skill level 27 in Fighting
 58741 | Depths:2 | Noticed the Enchantress
 59018 | Depths:2 | Killed the Enchantress
 59026 | Depths:2 | Received a gift from Okawaru
 59889 | Depths:3 | Noticed Vv
 59927 | Depths:3 | Killed Vv
 60126 | Depths:3 | Received a gift from Okawaru
 60358 | Depths:3 | Found a one-way gate to the infinite horrors of the Abyss.
 60955 | Depths:4 | Entered Level 4 of the Depths
 61162 | Depths:4 | Found Giveudd's Tremendous Tomes.
 61365 | Depths:4 | Noticed Jory
 61365 | Depths:4 | Identified the orb "Tivaejox" {*channel, +Blink Hexes}
 61365 | Depths:4 | Noticed Frederick
 61393 | Depths:4 | Killed Jory
 61540 | Depths:4 | Killed Frederick
 61540 | Depths:4 | Received a gift from Okawaru
 61901 | Depths:4 | Noticed a dread lich
 61915 | Depths:4 | Killed a dread lich
 61915 | Depths:4 | Noticed Parghit
 61947 | Depths:4 | Killed Parghit
 62052 | Depths:4 | Found a gate to the Realm of Zot.
 62169 | Depths:4 | Reached XP level 25. HP: 157/257 MP: 34/35
 62509 | Depths:4 | Received a gift from Okawaru
 63017 | Vaults:4 | Acquired 736 gold pieces
 63029 | Vaults:5 | Entered Level 5 of the Vaults
 63039 | Vaults:5 | Noticed Boris
 63054 | Vaults:5 | Killed Boris
 63060 | Vaults:5 | Noticed an ancient lich
 63074 | Vaults:5 | Killed an ancient lich
 63179 | Vaults:5 | Noticed Saint Roka
 63185 | Vaults:5 | Received a gift from Okawaru
 63318 | Vaults:4 | Killed Saint Roka
 63442 | Vaults:5 | Noticed an ancient lich
 63570 | Vaults:5 | Noticed an ancient lich
 63661 | Vaults:5 | Killed an ancient lich
 63689 | Vaults:5 | Noticed a dread lich
 63745 | Vaults:5 | Killed a dread lich
 63919 | Vaults:5 | Received a gift from Okawaru
 64088 | Vaults:5 | Killed an ancient lich
 64151 | Vaults:5 | Noticed Xtahua
 64169 | Vaults:5 | Killed Xtahua
 64375 | Vaults:5 | Noticed a dread lich
 64392 | Vaults:5 | Killed a dread lich
 64867 | Vaults:5 | Got the Almanac of Earth and the Icicle
 65067 | Vaults:5 | Found Cibleosi's Antique Armour Shoppe.
 65120 | Vaults:5 | Found Viefatak's Distillery.
 65133 | Vaults:5 | Bought a potion of cancellation for 184 gold pieces
 65279 | Vaults:5 | Identified the +4 ring mail of Jykluyth {Dex+4}
 65291 | Vaults:5 | Reached XP level 26. HP: 266/266 MP: 36/36
 65482 | Vaults:5 | Identified the ring "Idghen" {MP+9 Stlth+}
 66527 | Vaults:5 | Upgraded the game from 0.31-a0-1612-g4aaf141004 to
                  | 0.31-a0-1616-gbeaec30b81
 66739 | Vaults:5 | Bought a potion of heal wounds for 115 gold pieces
 66739 | Vaults:5 | Bought a potion of curing for 69 gold pieces
 66739 | Vaults:5 | Bought 2 potions of curing for 138 gold pieces
 66739 | Vaults:5 | Bought a potion of heal wounds for 115 gold pieces
 66739 | Vaults:5 | Bought a potion of heal wounds for 115 gold pieces
 66739 | Vaults:5 | Bought a potion of curing for 69 gold pieces
 67386 | Slime:1  | Entered Level 1 of the Pits of Slime
 67454 | Slime:1  | Reached XP level 27. HP: 256/273 MP: 36/36
 67908 | Slime:2  | Gained mutation: Your spells are a little easier to cast,
                  | but a little less powerful. [a shining eye]
 68417 | Slime:1  | Paralysed by a formless jellyfish for 1 turns
 68598 | Slime:2  | Received a gift from Okawaru
 68635 | Slime:3  | Paralysed by a formless jellyfish for 1 turns
 70388 | Slime:4  | Reached skill level 27 in Axes
 70787 | Slime:5  | Entered Level 5 of the Pits of Slime
 70794 | Slime:4  | Gained mutation: Your mind is acute. (Int +4, Str/Dex -1)
                  | [a shining eye]
 70809 | Slime:4  | Gained mutation: Your magical capacity is low. (-10% MP) [a
                  | shining eye]
 70876 | Slime:5  | Gained mutation: You sometimes lose your temper in combat.
                  | [a shining eye]
 70948 | Slime:4  | Lost mutation: You are weak. (Str -2) [potion of mutation]
 70948 | Slime:4  | Lost mutation: Your spells are a little easier to cast, but
                  | a little less powerful. [potion of mutation]
 70948 | Slime:4  | Gained mutation: You do not regenerate when monsters are
                  | visible. [potion of mutation]
 70948 | Slime:4  | Gained mutation: You have an uncontrollable temper. [potion
                  | of mutation]
 70948 | Slime:4  | Gained mutation: You are partially covered in iridescent
                  | scales. (AC +2) [potion of mutation]
 70949 | Slime:4  | Lost mutation: You are partially covered in iridescent
                  | scales. (AC +2) [potion of mutation]
 70949 | Slime:4  | Lost mutation: You have an uncontrollable temper. [potion
                  | of mutation]
 70949 | Slime:4  | Lost mutation: You do not regenerate when monsters are
                  | visible. [potion of mutation]
 70949 | Slime:4  | Gained mutation: Armour fits poorly on your strangely
                  | shaped body. [potion of mutation]
 70949 | Slime:4  | Gained mutation: Your body sometimes deteriorates upon
                  | taking damage. [potion of mutation]
 70949 | Slime:4  | Gained mutation: You are agile. (Dex +4, Str/Int -1)
                  | [potion of mutation]
 70950 | Slime:4  | Lost mutation: Your body sometimes deteriorates upon taking
                  | damage. [potion of mutation]
 70950 | Slime:4  | Lost mutation: Your magical capacity is low. (-10% MP)
                  | [potion of mutation]
 70950 | Slime:4  | Lost mutation: Armour fits poorly on your strangely shaped
                  | body. [potion of mutation]
 70950 | Slime:4  | Gained mutation: You are frail. (-10% HP) [potion of
                  | mutation]
 70951 | Slime:4  | Lost mutation: You sometimes lose your temper in combat.
                  | [potion of mutation]
 70951 | Slime:4  | Lost mutation: You are frail. (-10% HP) [potion of
                  | mutation]
 70951 | Slime:4  | Lost mutation: You are agile. (Dex +4, Str/Int -1) [potion
                  | of mutation]
 70951 | Slime:4  | Gained mutation: You are robust. (+10% HP) [potion of
                  | mutation]
 70994 | Slime:5  | Noticed the Royal Jelly
 71292 | Slime:5  | Killed the Royal Jelly
 71299 | Arena    | Entered the Arena
 71320 | Slime:4  | HP: 12/300 [azure jelly[the Royal Jelly] (31)]
 71320 | Slime:4  | HP: 5/300 [azure jelly[the Royal Jelly] (7)]
 71320 | Slime:4  | Slain by a rockslime

Illustrated notes

Levels and vault maps discovered:
D:1:      roderic_chinese_lattice_arrival, layout_basic,
          hellmonk_ecumenical_altar_pennies_from_heaven,
          hangedman_decor_opposing
D:2:      minmay_general_purpose_star, layout_basic, serial_shops, shop
D:3:      kennysheep_the_goblin_king, layout_loops_ring
D:4:      layout_loops_ring, overflow_temple_1_default, uniq_natasha
D:5:      layout_loops_corners, temple_doors_e, gammafunk_ghost_smash
D:6:      layout_loops_ring, trog_ov_bears_minmay, gup_sewer_entry_glass,
          st_stairs_1, hangedman_decor_clover_reticule, uniq_eustachio,
          uniq_pikel, uniq_duvessa
D:7:      minmay_skewed_foursquare, layout_rooms, serial_shops,
          nicolae_take_the_stairs
D:8:      wander_kiku_kobolds, layout_basic, nrook_loot_triangle, uniq_jeremiah
D:9:      layout_rooms, mainiacjoe_overflow_swirl, lair_entry_dummy,
          zombieorc2_lemuel, serial_shops, nicolae_shop_behind_doors,
          enter_bailey_5
D:10:     layout_long_grid, grunt_decor_junction, nicolae_evil_shop,
          uniq_joseph, uniq_snorg
D:11:     layout_basic, nicolae_shop_overcharged_wands, uniq_fannar,
          uniq_nergalle, uniq_psyche, uniq_maurice
D:12:     layout_loops_cross, kennysheep_generic_room_3
D:13:     layout_cave_pods, lightli_vaults_fourway_checkpoint
D:14:     layout_basic, serial_shops, nicolae_shop_statue_plus,
          gauntlet_entry_generic, dreamdust_princess_bridge,
          lemuel_flamethrower_2
D:15:     hangedman_slaughterboxes, uniq_azrael
Temple:   dpeg_five_rooms_temple
Lair:1:   layout_loops_ring, serial_bayou_pond_e, worms_lemuel
Lair:2:   layout_loops_ring, alex1729_snake_entry_snake
Lair:3:   layout_gridlike, shoals_dummy_entry, roderic_batcave,
          lemuel_another_geyser, uniq_amaemon
Lair:4:   nzn_winding_woodlands_stair_cross [nzn_winding_woodlands_5x15_garden,
          nzn_winding_woodlands_center_triple_pond,
          nzn_winding_woodlands_5x15_lazy_stream,
          nzn_winding_woodlands_5x5_checkerboard,
          nzn_winding_woodlands_5x5_default,
          nzn_winding_woodlands_5x15_pathside_ponds,
          nzn_winding_woodlands_center_garden,
          nzn_winding_woodlands_5x15_river_crossing], layout_cave_pods,
          gammafunk_ghost_ooze
Lair:5:   grunt_lair_end_beastmaster, layout_layer_cave,
          nicolae_slime_entry_slimehenge, chequers_serial_rivers_large_b
Shoals:1: layout_shoals
Shoals:2: layout_shoals, uniq_polyphemus
Shoals:3: layout_shoals, serial_shops, shop, nicolae_shop_dragon_depot
Shoals:4: shoals_end_hellmonk_storm_palace [storm_palace_center_ruins,
          storm_palace_corner_blocked, storm_palace_corner_grid,
          storm_palace_corner_pillars, storm_palace_corner_narrow],
          serial_shops, uniq_nikola
Snake:1:  layout_onion, drop_trap, grunt_ministairs_1, minmay_shop_grove
Snake:2:  layout_layer_cave, nicolae_snake_gridmaze_waves
Snake:3:  layout_cave_pods, uniq_bai_suzhen, uniq_aizul
Snake:4:  grunt_snake_rune_spirals, layout_onion, library_closet
Slime:1:  layout_caves
Slime:2:  cheibrodos_slime_lost_civilization_1, layout_caves
Slime:3:  layout_caves
Slime:4:  layout_caves
Slime:5:  slime_pit
Orc:1:    cheibrodos_orc_guarddog, layout_caves, portal_ice_cave_rime,
          nicolae_shop_firing_range, uniq_sonja
Orc:2:    st_orc_elflike, layout_diamond_mine, serial_shops, shop, mines1_david
Elf:1:    nicolae_elf_arrival_no_cutting_in_line, layout_geoelf_octagon,
          kennysheep_underground_church, uniq_zenata
Elf:2:    nicolae_elf_blades_crystal_corner, layout_onion_city, uniq_louise
Elf:3:    minmay_elf_hall_statues, layout_geoelf_diagonals,
          hangedman_feature_mirror
Vaults:1: mu_enter_wizlab_5, ontoclasm_vaults_tryst,
          nicolae_vaults_border_crossing, nicolae_vaults_storage_closets_1,
          ontoclasm_vaults_misaligned, nicolae_vaults_wrenched,
          nicolae_vaults_network_quinsquares
          [nicolae_vaults_network_quincunx_subvault,
          nicolae_vaults_network_quincunx_subvault,
          nicolae_vaults_network_quincunx_subvault,
          nicolae_vaults_network_quincunx_subvault], vaults_dpeg_encased_lava,
          nicolae_vaults_weapon_check, v_alt_pattern_4,
          hangedman_vaults_stagger, nicolae_vaults_house_1,
          ontoclasm_vaults_gateway, ontoclasm_vaults_ring_small,
          layout_vaults_omnicross, serial_shops, nicolae_shop_getting_attention
Vaults:2: hangedman_vaults_variations, nicolae_vaults_tetromino_T_2,
          v_pattern_2, nicolae_vaults_more_shelving_1, nicolae_vaults_little_ls,
          nicolae_vaults_house_1, vaults_dpeg_ring, dpeg_vaults_monster_box,
          nicolae_vaults_tetromino_L_1, layout_vaults_omnigrid, serial_shops,
          shop, nicolae_shop_stone, shop, shop, shop, enter_trove_1
Vaults:3: nicolae_vaults_six-pack, nicolae_vaults_three_branches,
          v_alt_pattern_5, nicolae_vaults_diamond_2,
          minmay_crypt_entry_simple_round,
          vaults_standard_mumra_enter_the_diamond, nicolae_vaults_what_the_h,
          nicolae_vaults_double_plus_2, vaults_mumra_hex,
          nicolae_vaults_house_3, ontoclasm_vaults_hangar,
          ontoclasm_vaults_hangar, layout_vaults_omnibox
Vaults:4: st_cells, nicolae_vaults_network_periphery,
          nicolae_vaults_sealed_display, grunt_vaults_trifunnel,
          vaults_room_corners, nicolae_vaults_mitosis, nicolae_vaults_cochlea,
          nicolae_vaults_house_2, nicolae_vaults_little_squares_4,
          nicolae_vaults_meiosis, nicolae_vaults_double_plus_3,
          vaults_mumra_chevron, vaults_room_stairs_pillars,
          vaults_room_semicircle, layout_vaults_maze_snakey, serial_shops,
          nicolae_shop_gibbet_a_chance
Vaults:5: serial_shops, uniq_saint_roka, uniq_xtahua, uniq_boris
Crypt:1:  layout_misc_corridors, gammafunk_ghost_grave, nzn_life_drinkers,
          grunt_crypt_arrival_webbed, uniq_josephina
Crypt:2:  layout_regular_city, nicolae_crypt_vampire_mansion
Crypt:3:  cryptofortress_bobbens
Tomb:1
Depths:1: minmay_distorted_concentric_squares, layout_gridville,
          enter_ziggurat_e, pan_entry, hell_entry,
          hangedman_abyss_or_decor_stabs, serial_library_hellmonk_long_bookcase,
          kennysheep_crisscross, minmay_acid_items
Depths:2: minmay_crescents, layout_long_grid, dreamdust_wishing_well,
          grunt_pan_entry_in_and_out, hell_entry, nicolae_wwwww,
          minmay_shop_star, uniq_enchantress
Depths:3: evilmike_marble_ring, layout_cave_pools, abyss_entry_crystal,
          minmay_strange_pillars, grunt_mini_vestibule, minmay_misc_feat_rows,
          uniq_vv
Depths:4: grunt_crosshair, layout_basic, pf_coc_iceberg, serial_rivers,
          chequers_serial_rivers_micro_a, chequers_serial_rivers_micro_d,
          chequers_serial_rivers_room_b, chequers_serial_rivers_micro_e,
          chequers_serial_rivers_room_b, nicolae_shop_i_like_big_books,
          minivault_14, drop_trap, kennysheep_four_rooms, uniq_jory,
          uniq_parghit, uniq_frederick

Skill      XL: |  1  2  3  4  5  6  7  8  9 10 11 12 13 14 15 16 17 18 19 20 21 22 23 24 25 26 27 |
---------------+----------------------------------------------------------------------------------+-----
Armour         | 4 10 14 16 19 20 22 23 | 23.5
Shields        | 4 5 10 15 18 20 22 | 22.0
Axes           | 3 4 5 6 7 9 11 12 15 18 21 22 24 25 27 | 27.0
Fighting       | 4 5 6 7 9 10 11 13 14 15 17 20 22 26 27 | 27.0
Invocations    | 2 6 10 12 15 17 18 21 | 21.8
Throwing       | 3 6 9 12 16 | 16.0
Evocations     | 1 |  1.0

Action                     |  1- 3 |  4- 6 |  7- 9 | 10-12 | 13-15 | 16-18 | 19-21 | 22-24 | 25-27 || total
---------------------------+-------+-------+-------+-------+-------+-------+-------+-------+-------++-------
  Melee: War axe           |    96 |    90 |   254 |   288 |       |       |       |       |       ||   728
         Headbutt          |    12 |    14 |    48 |   110 |   248 |   395 |   508 |   580 |   252 ||  2167
         Broad axe         |       |       |       |   275 |   929 |  1218 |  1619 |  1025 |   663 ||  5729
         Trident           |       |       |       |       |    23 |    19 |       |       |       ||    42
         Labrys            |       |       |       |       |       |       |       |   616 |       ||   616
  Throw: Dart              |       |       |     2 |    30 |     9 |     2 |       |       |       ||    43
         Javelin           |       |       |       |     6 |    14 |     8 |    63 |    40 |    46 ||   177
         Boomerang         |       |       |       |    58 |   215 |   295 |   383 |   186 |    98 ||  1235
 Invoke: Heroism           |       |       |     2 |     8 |     7 |     6 |     7 |     4 |     9 ||    43
         Finesse           |       |       |       |     1 |       |     1 |     2 |     1 |     7 ||    12
         Receive Weapon    |       |       |       |     1 |       |       |       |       |       ||     1
         Receive Armour    |       |       |       |     1 |       |       |       |       |       ||     1
         Duel              |       |       |       |       |       |       |       |       |     1 ||     1
Ability: Breathe Fire      |       |       |       |       |       |       |     1 |       |       ||     1
  Evoke: Wand              |       |       |       |     5 |       |       |       |       |       ||     5
    Use: Potion            |       |       |     1 |     1 |       |     1 |     1 |     9 |     7 ||    20
         Scroll            |       |       |       |    15 |    11 |    10 |     9 |     5 |     9 ||    59
   Stab: Distracted        |       |       |     1 |       |     1 |       |       |       |       ||     2
         Sleeping          |       |       |       |     1 |       |       |       |       |       ||     1
         Petrified         |       |       |       |       |    18 |       |       |       |       ||    18
         Petrifying        |       |       |       |       |     3 |       |       |       |       ||     3
 Armour: Scale mail        |    78 |    43 |   209 |    47 |       |       |       |       |       ||   377
         Skin              |       |     4 |       |       |       |       |       |    91 |       ||    95
         Steam dragon scal |       |       |       |   204 |       |       |       |       |       ||   204
         Acid dragon scale |       |       |       |    33 |       |       |       |       |       ||    33
         Troll leather arm |       |       |       |    10 |       |       |       |       |       ||    10
         Plate armour      |       |       |       |   131 |   916 |   907 |   764 |   778 |   577 ||  4073
  Dodge: Dodged            |    52 |    30 |   138 |   256 |   279 |   238 |   192 |    79 |    87 ||  1351
  Block: Buckler           |    21 |    23 |    81 |   141 |   339 |   161 |       |       |       ||   766
         Kite shield       |       |       |       |       |       |   537 |       |  1579 |   981 ||  3097
         Tower shield      |       |       |       |       |       |   424 |  1859 |   484 |       ||  2767
         Reflection        |       |       |       |       |       |    56 |   133 |    51 |    40 ||   280
         Form:             |       |       |       |       |       |     1 |     2 |       |       ||     3
         Serpent           |       |       |       |       |       |     1 |       |       |       ||     1
         Dragon            |       |       |       |       |       |       |     1 |       |       ||     1
         Death             |       |       |       |       |       |       |     1 |       |       ||     1

Table legend: (Time is in decaauts)
 A = Elapsed time spent in this place.
 B = Non-inter-level travel time spent in this place.
 C = Inter-level travel time spent in this place.
 D = Time resting spent in this place.
 E = Time spent auto-exploring this place.
 F = Levels seen in this place.
 G = Mean time per level.
                   A        B        C        D        E       F      G
               +--------+--------+--------+--------+--------+-----+--------+
         Total |  69958 |  61339 |   8619 |  10738 |  23284 |  59 | 1185.7 |
       Dungeon |  15338 |  12280 |   3058 |    285 |   8355 |  15 | 1022.5 |
        Temple |    103 |      9 |     94 |      0 |      0 |   1 |  103.0 |
          Lair |   5935 |   5254 |    681 |    229 |   3831 |   5 | 1187.0 |
        Shoals |   5255 |   4979 |    276 |   1169 |   1194 |   4 | 1313.8 |
     Snake Pit |   6257 |   5532 |    725 |   1453 |   2055 |   4 | 1564.2 |
    Slime Pits |   3038 |   2724 |    314 |    693 |   1250 |   5 |  607.6 |
  Orcish Mines |   1981 |   1614 |    367 |     50 |   1169 |   2 |  990.5 |
   Elven Halls |   4921 |   4739 |    182 |   1193 |   1467 |   3 | 1640.3 |
        Vaults |  12050 |  10143 |   1907 |   2580 |   1678 |   5 | 2410.0 |
         Crypt |   5050 |   4347 |    703 |   1101 |    422 |   3 | 1683.3 |
          Tomb |   1526 |   1526 |      0 |    312 |      0 |   1 | 1526.0 |
        Depths |   5319 |   5011 |    308 |    865 |   1698 |   4 | 1329.8 |
         Trove |     51 |     51 |      0 |      0 |      0 |   1 |   51.0 |
         Sewer |    356 |    356 |      0 |      0 |     61 |   1 |  356.0 |
        Bailey |    653 |    653 |      0 |    173 |     36 |   1 |  653.0 |
      Ice Cave |    350 |    350 |      0 |     21 |      0 |   1 |  350.0 |
        Wizlab |   1036 |   1036 |      0 |    215 |     67 |   1 | 1036.0 |
      Gauntlet |    714 |    714 |      0 |    396 |      0 |   1 |  714.0 |
         Arena |     16 |     16 |      0 |      0 |      0 |   1 |   16.0 |
               +--------+--------+--------+--------+--------+-----+--------+

Top non-repeatable levels by time:
Vaults:5: 3077 daAuts
Vaults:4: 2678 daAuts
   Elf:3: 2442 daAuts
Vaults:2: 2253 daAuts
 Snake:4: 2176 daAuts
Vaults:3: 2176 daAuts
Vaults:1: 1865 daAuts
 Crypt:1: 1825 daAuts
 Crypt:3: 1755 daAuts
Shoals:4: 1744 daAuts
Depths:4: 1685 daAuts
 Snake:2: 1679 daAuts
 Snake:3: 1559 daAuts
  Tomb:1: 1526 daAuts
    D:15: 1505 daAuts
